 Dungeon Crawl Stone Soup version 0.31.0-9-g3a7656b989 (webtiles) character file.

Game seed: 17545503277212548747

100 qw the Shooter (level 4, -1/22 HPs)
             Began as a Spriggan Hunter on Feb 2, 2024.
             Slain by a goblin
             ... wielding a +0 club
             ... led by Robin
              (2 damage)
             ... on level 2 of the Dungeon.
             The game lasted 00:00:03 (1358 turns).

qw the Shooter (Spriggan Hunter)                    Turns: 1358, Time: 00:00:04

Health: -1/22      AC:  2    Str:  7    XL:     4   Next: 47%
Magic:  5/5        EV: 20    Int: 10    God:
Gold:   68         SH:  0    Dex: 20    Spells: 3/3 levels left

rFire   + . .        e - +1 orcbow (heavy)
rCold   . . .        (shield currently unavailable)
rNeg    . . .        c - +0 robe
rPois   .            (helmet restricted)
rElec   .            (no cloak)
rCorr   .            (gloves unavailable)
SInv    +            (boots unavailable)
Will    .....        (no amulet)
Stlth   ++           d - ring of protection from fire
HPRegen 0.23/turn    (no ring)
MPRegen 0.09/turn

%: no passive effects
@: very quick
A: very small, no large weapons, unfitting armour, see invisible, speed 3
a: no special abilities


You were on level 2 of the Dungeon.
You visited 1 branch of the dungeon, and saw 2 of its levels.

You collected 68 gold pieces.


Innate Abilities, Weirdness & Mutations

You are very small and have problems with some larger weapons.
You are too small for most types of armour.
You have supernaturally acute eyesight. (SInv)
You cover ground extremely quickly. (Speed+++)


   Skills:
 - Level 1.5 Fighting
 - Level 5.0 Ranged Weapons
 + Level 4.9 Dodging
 - Level 1.5 Stealth


You had 3 spell levels left.
You didn't know any spells.
Your spell library was empty.

Inventory:

Hand Weapons
 e - a +1 heavy orcbow (weapon)
Armour
 c - a +0 robe (worn)
Jewellery
 d - a ring of protection from fire (left hand)
Scrolls
 a - a scroll of amnesia {unknown}
 f - a scroll of enchant armour {unknown}
 g - a scroll of identify
Potions
 b - a potion of enlightenment {unknown}
 h - a potion of might {unknown}
 i - a potion of haste {unknown}

Dungeon Overview and Level Annotations

Branches:
Dungeon (2/15)

Altars:


Message History

Robin roars a battlecry!
The goblin goes into a battle-frenzy!
The goblin misses you.
You shoot an arrow. The arrow hits Robin!
Robin is heavily wounded.
Robin barely misses you. The goblin closely misses you.
You shoot an arrow. The arrow hits Robin.
Robin is severely wounded.
Robin hits you with a +0 club. The goblin misses you. Robin misses you.
A goblin comes into view. It is wielding a +0 dagger.
The goblin misses you.
You shoot an arrow. The arrow hits Robin!!
You kill Robin!
The goblin hits you with a +0 club. The goblin misses you.
You shoot an arrow. The arrow hits the goblin.
The goblin is severely wounded.
The goblin closely misses you. The goblin hits you but does no damage.
The goblin barely misses you. The goblin hits you with a +0 club.
You shoot an arrow. The arrow barely misses the goblin.
The goblin barely misses you. The goblin closely misses you.
A hobgoblin comes into view.
The goblin hits you but does no damage. The goblin misses you.
You shoot an arrow. The arrow barely misses the goblin.
The arrow hits the hobgoblin but does no damage.
A goblin comes into view. It is wielding a +2 dagger of flaming.
The goblin closely misses you. x2; The goblin barely misses you.
The goblin misses you.
You shoot an arrow. The arrow hits the goblin.
You kill the goblin!
The hobgoblin completely misses you. The goblin misses you.
The goblin hits you with a +2 dagger of flaming.
The hobgoblin completely misses you. The goblin hits you with a +0 club.
You shoot an arrow. The arrow hits the hobgoblin.
The hobgoblin is moderately wounded.
The goblin no longer looks unusually strong.
The goblin hits you with a +2 dagger of flaming.
The hobgoblin misses you. The goblin hits you with a +0 club.
The goblin closely misses you. The hobgoblin misses you.
The goblin hits you with a +0 club.
You die...

###.##.###..#
#.# #~~##
#...##.###%>#
#.# ##~~##
##.####.##...#
#.# #~~~#
.#%..###<##..##
#... ##~..
.........##..#
#..# #~(.
##...######..#
#.. ##.. ##.##
#..# ....# #..
#.# #..#####.#
### ...
#....g@g# #~
##.#
#.....)g...)..
#~ ...
########.)...#
#~ #. )#.... #~
# #.# +# .


You could see a hobgoblin and 2 goblins.

Vanquished Creatures
  Robin (D:2)
  5 adders (D:2)
  2 dart slugs (D:1)
  A ribbon worm (D:1)
  4 bats
  4 endoplasms
  3 giant cockroaches
  7 goblins
  3 hobgoblins
  2 quokkas
  2 ball pythons (D:1)
  A frilled lizard (D:1)
  3 kobolds
  A rat (D:2)
39 creatures vanquished.

Notes
Turn   | Place    | Note
-------+----------+-------------------------------------------
     0 | D:1      | qw the Spriggan Hunter began the quest for the Orb.
     0 | D:1      | Reached XP level 1. HP: 10/10 MP: 2/2
     0 | D:1      | 0 ||| qw: Version: 0.3-a-155-g5e7d8dd
     0 | D:1      | 0 ||| qw: Game counter: 2324
     0 | D:1      | 0 ||| qw: Melee chars always use a shield: true
     0 | D:1      | 0 ||| qw: God list: Okawaru
     0 | D:1      | 0 ||| qw: Allow faded altars: false
     0 | D:1      | 0 ||| qw: Do Orc after clearing Dungeon:15 true
     0 | D:1      | 0 ||| qw: Do second Lair branch before Depths: true
     0 | D:1      | 0 ||| qw: Lair rune preference: random
     0 | D:1      | 0 ||| qw: Goals: Normal
     0 | D:1      | 0 ||| PLANNING D:1-11
    13 | D:1      | Reached skill level 3 in Dodging
   195 | D:1      | Reached XP level 2. HP: 14/14 MP: 3/3
   263 | D:1      | Found a faded altar of an unknown god.
   850 | D:1      | 850 ||| UPGRADING to ring of protection from fire.
   851 | D:1      | 851 ||| READING scroll labelled QIUS DASEFF.
   851 | D:1      | Identified a scroll of acquirement
   851 | D:1      | 851 ||| ACQUIRING +1 heavy orcbow
   851 | D:1      | Acquired a +1 heavy orcbow
   853 | D:1      | 853 ||| SWAPPING to +1 heavy orcbow.
   854 | D:1      | 854 ||| DROPPING +0 shortbow.
   855 | D:1      | 855 ||| READING scroll labelled BIL TIGGID.
   856 | D:1      | 856 ||| READING scroll labelled IFILLU VAUKO.
   856 | D:1      | 856 ||| IDENTIFYING scroll labelled ZUWEMU FOGIEMU
   857 | D:1      | 857 ||| DROPPING scroll of butterflies.
   858 | D:1      | 858 ||| DROPPING scroll of poison.
   895 | D:2      | Reached XP level 3. HP: 18/18 MP: 4/4
  1084 | D:2      | Reached skill level 5 in Ranged Weapons
  1293 | D:2      | Reached XP level 4. HP: 22/22 MP: 5/5
  1348 | D:2      | Noticed Robin
  1353 | D:2      | Killed Robin
  1358 | D:2      | HP: 5/22 [goblin/+2 dagger of flaming[Robin] (3)]
  1358 | D:2      | HP: 1/22 [goblin/+0 club[Robin] (4)]
  1358 | D:2      | Slain by a goblin

Levels and vault maps discovered:
D:1:      dpeg_arrival_brainrot, layout_basic, hellmonk_ecumenical_altar_run_dry
D:2:      layout_loops_ring, serial_rivers, chequers_serial_rivers_large_b,
          chequers_serial_rivers_room_a, chequers_serial_rivers_large_a,
          chequers_serial_rivers_room_a, minmay_misc_feat_hallway,
          hangedman_decor_growths, uniq_robin

Skill      XL: |  1  2  3 |
---------------+----------+-----
Dodging        | 3 4 |  4.9
Ranged Weapons | 5 |  5.0
Fighting       | |  1.5
Stealth        | |  1.5

Action                     |  1- 3 |  4- 6 || total
---------------------------+-------+-------++-------
   Fire: Shortbow          |    61 |       ||    61
         Orcbow            |    15 |    21 ||    36
    Use: Scroll            |     3 |       ||     3
 Armour: Robe              |     1 |    12 ||    13
  Dodge: Dodged            |    20 |    35 ||    55

Table legend:
 A = Non-vault XP
 B = Vault XP
 C = Vault XP percentage of total XP
 D = Non-vault monster count
 E = Vault monster count
 F = Vault count percentage of total count
                 A         B        C        D         E       F
            +---------+---------+-------+---------+---------+-------
      Total |     118 |      26 |  18.1 |      33 |       6 |  15.4
            +---------+---------+-------+---------+---------+-------
        D:1 |      34 |       4 |  10.5 |      18 |       1 |   5.3
        D:2 |      84 |      22 |  20.8 |      15 |       5 |  25.0
            +---------+---------+-------+---------+---------+-------
